Map: Whirlwind LE (Void)

Players

Musumeci - Winner!

  • Race: Zerg Zerg
  • League: Diamond
  • Spawn Location: 7:00

Zergeto

  • Race: Zerg Zerg
  • League: Diamond
  • Spawn Location: 1:00

VOD

Have the link to the VOD?

Description

Time

  • Played on: Jan. 11, 2017, 1:27 p.m.
  • Length: 10:38
Show
View Real Time Build Order
Export as new Build Order

Musumeci Zerg - Winner!

Build Orders: Hatch First 

Get SALT Encoding   

  12  0:08  Drone x2  
  14  0:16  Overlord  
  14  0:24  Drone, Extractor  
  15  0:35  Drone  
  16  0:41  Drone  
  17  0:56  Hatchery  
  16  0:59  Drone, Extractor  
  16  1:16  Spawning Pool  
  16  1:18  Drone  
  16  1:22  Drone  
  17  1:27  Drone  
  18  1:34  Drone  
  19  1:49  Drone  
  20  2:04  Zergling x2  
  21  2:09  Queen, Metabolic Boost  
  21  2:11  Zergling x4  
  24  2:18  Zergling x2  
  24  2:22  Spine Crawler  
  24  2:25  Zergling x2  
  24  2:28  Spine Crawler, Zergling x2  
  25  2:36  Zergling x2  
  26  2:42  Zergling x4  
  26  3:33  Baneling Nest  
  24  3:51  Overlord  
  24  3:52  Overlord  
  21  4:27  Zergling x12  
  24  4:46  Zergling x2  
  24  4:47  Hatchery, Zergling x4  
  26  5:00  Drone  
  26  5:09  Baneling  
  26  5:10  Baneling  
  26  5:14  Zergling x2  
  26  5:15  Zergling x4  
  26  5:16  Hatchery  
  26  5:19  Baneling x2  
  28  5:42  Drone x4  
  32  5:46  Queen  
  34  5:53  Drone  
  35  6:01  Drone x2  
  36  6:07  Baneling x2  
  36  6:22  Drone x5  
  36  6:24  Roach Warren  
  40  6:30  Drone x2  
  40  6:31  Queen  
  44  6:39  Lair  
  44  6:42  Extractor  
  44  6:44  Drone x2, Extractor  
  44  6:48  Drone x2  
  44  6:49  Drone  
  47  7:00  Zergling x4  
  48  7:02  Drone  
  49  7:12  Overlord x2  
  49  7:19  Overlord  
  49  7:20  Overlord  
  49  7:21  Overlord  
  49  7:42  Baneling x2  
  43  8:13  Drone x8  
  43  8:14  Drone x2  
  43  8:15  Baneling  
  43  8:16  Baneling  
  43  8:17  Roach x9  
  43  8:18  Roach x2  
  75  8:21  Spire  
  75  8:24  Extractor  
  73  8:28  Extractor  
  73  8:29  Extractor  
  71  8:41  Drone  
  71  8:42  Drone x3  
  75  8:58  Drone x13  
  84  9:33  Mutalisk x3  
  84  9:36  Overlord x3  
  90  9:54  Mutalisk x8  
  92  10:11  Roach x7  
  98  10:19  Drone x2  
Show
View Real Time Build Order
Export as new Build Order

Zergeto Zerg 

Build Orders: Pool First, Zergling Baneling 

Get SALT Encoding   

  12  0:01  Drone  
  13  0:15  Extractor  
  12  0:23  Spawning Pool  
  12  0:28  Drone  
  12  0:34  Drone  
  13  0:38  Drone  
  14  0:50  Overlord  
  14  1:10  Queen  
  16  1:14  Metabolic Boost  
  16  1:19  Zergling x2  
  16  1:23  Zergling x2  
  18  1:28  Zergling x2  
  19  1:33  Zergling x2  
  20  1:43  Baneling Nest  
  19  1:48  Zergling x2  
  19  1:52  Zergling x2  
  21  2:06  Zergling x2  
  22  2:16  Overlord  
  22  2:34  Zergling x4  
  22  2:35  Zergling x2  
  24  2:46  Baneling x5  
  24  2:48  Zergling x2  
  25  2:54  Zergling x6  
  28  3:03  Zergling x2  
  29  3:11  Zergling x2  
  25  3:44  Zergling x6  
  25  3:45  Zergling x2  
  21  3:57  Baneling x2  
  21  4:00  Hatchery  
  20  4:06  Zergling x4  
  21  4:18  Zergling x2  
  22  4:33  Zergling x6  
  25  4:40  Drone  
  26  4:48  Baneling x4  
  26  4:49  Zergling x2  
  27  4:57  Zergling x4  
  29  5:07  Drone  
  30  5:16  Drone x3  
  33  5:22  Drone  
  33  5:26  Drone  
  35  5:36  Drone  
  35  5:37  Overlord  
  36  5:55  Queen  
  37  6:06  Drone x3  
  37  6:07  Drone x3  
  43  6:14  Drone  
  44  6:26  Overlord x2  
  44  6:46  Extractor  
  44  6:55  Hatchery  
  44  6:56  Baneling x2  
  44  6:57  Baneling x2  
  44  6:59  Drone x4  
  46  7:05  Lair, Roach Warren  
  46  7:07  Drone x2  
  47  7:10  Drone  
  48  7:18  Drone x4  
  48  7:22  Extractor  
  48  7:37  Drone x3  
  48  7:38  Drone x2  
  50  8:11  Drone  
  50  8:12  Drone x4  
  54  8:19  Queen  
  54  8:21  Evolution Chamber  
  54  8:23  Drone x2, Evolution Chamber  
  56  8:27  Zergling x6, Overlord  
  56  8:28  Roach, Zergling x2  
  56  8:30  Baneling x4  
  56  8:33  Glial Reconstitution  
  62  8:35  Extractor  
  62  8:37  Spire  
  62  8:40  Hydralisk Den  
  60  8:43  Zergling x8  
  64  8:50  Zergling x2  
  64  8:51  Zergling x10  
  70  8:59  Extractor  
  69  9:04  Drone x4  
  56  9:17  Zergling x2  
  56  9:18  Zergling x12  
  56  9:21  Roach x3  
  65  9:27  Roach  
  65  9:31  Roach x5  
  70  9:37  Overlord  
  67  9:40  Baneling x5  
  67  9:42  Roach x2  
  69  9:54  Overlord x3  
  67  10:04  Zergling x6  
  67  10:05  Zergling x4  
  68  10:20  Zergling x4  
  73  10:24  Hatchery  
Tags
 
Add a new tag
Caveats
  • Supply blocks, unpowered buildings, or Contaminate may cause inaccurate times.
  • Supply counts are checked every 10 seconds.